AoeStats
← Thorrado

Arena

509503420Analyzed
4v4 RM · 6d ago on Sep 27, 2026· 18m 32s· 8 players
Game mode
Random Map
Map size
Large (8 player)
Population
200
Speed
Normal
Resources
Standard
Victory
Conquest
Starting age
Dark Age
Ending age
Imperial Age
RankedLock teamsTeams togetherTeam positionsShared explorationLock speedFull tech treeHidden civsTurbo modeCheats
Victory
Defeat
🇦🇺 Hindustanis · Australia
903
+13
🇦🇺 Spanish · Australia
888
+29
🇦🇺 Italians · Australia
875
+14
🇦🇺 Danes · Australia
846
+14
🇺🇸 Lithuanians · United States
896
-17
🇨🇳 Varangians · China
838
-14
🇨🇱 Saxons · Chile
792
-12
🇧🇷 Bohemians · Brazil
771
-11
GodLyCrisCo
0:29 Loom
15:14 Feudal Age
20:01 Castle Age
18:29 Double-Bit Axe
武圣ZOZO
4:39 Loom
12:13 Feudal Age
12:47 Double-Bit Axe
12:44 Horse Collar
18:43 Castle Age
Thorrado
0:35 Loom
12:48 Feudal Age
13:52 Double-Bit Axe
13:50 Horse Collar
¿Adriixx?
14:15 Feudal Age
17:28 Wheelbarrow
16:42 Double-Bit Axe
TornadoTittyTwister
10:14 Feudal Age
14:26 Castle Age
13:11 Double-Bit Axe
13:12 Horse Collar
15:46 Bow Saw
18:38 Loom
Friedrice4eva
12:27 Feudal Age
13:41 Double-Bit Axe
13:40 Horse Collar
19:09 Castle Age
18:41 Stone Mining
18:42 Gold Mining
ShadowVY
11:02 Feudal Age
15:06 Castle Age
13:13 Double-Bit Axe
18:00 Bow Saw
17:31 Horse Collar
17:59 Gold Mining
Peasantz
10:31 Feudal Age
8:47 Loom
15:04 Castle Age
13:14 Stone Mining
13:43 Double-Bit Axe
13:57 Horse Collar
Connection lost

Rejoining the realm…

Still unreachable

The connection could not be restored.

Session expired

The server has moved on; the page needs a fresh start.